 Dungeon Crawl Stone Soup version 0.30-a0-1016-gfb0d676c02 (webtiles) character file.

Game seed: 1767086456925562015

1770 Newt the Skirmisher (level 9, -2/54 HPs)
             Began as a Kobold Hunter on Apr 6, 2023.
             Slain by Maggie
             ... wielding a +2 scimitar of distortion
              (18 damage)
             ... on level 6 of the Dungeon.
             The game lasted 00:06:02 (6524 turns).

Newt the Skirmisher (Kobold Hunter)                 Turns: 6524, Time: 00:06:03

Health: -2/54      AC:  4    Str: 14    XL:     9   Next: 28%
Magic:  9/9        EV: 18    Int: 10    God:
Gold:   53         SH:  5    Dex: 23    Spells: 8/8 levels left

rFire   . . .      SeeInvis .    a - +1 shortbow
rCold   . . .      Faith    .    (shield currently unavailable)
rNeg    . . .      Spirit   .    c - +0 leather armour
rPois   .          Reflect  +    l - +0 helmet
rElec   .          Rampage  .    (no cloak)
rCorr   .                        (no gloves)
Will    .....                    (no boots)
Stlth   +++                      n - amulet of reflection
HPRegen 0.29/turn                j - +6 ring of strength
MPRegen 0.11/turn                t - +4 ring of slaying

@: no status effects
A: small, no large weapons, nightstalker 3
a: no special abilities


You were on level 6 of the Dungeon.
You visited 1 branch of the dungeon, and saw 6 of its levels.
You also visited: Sewer.

You collected 158 gold pieces.
You spent 105 gold pieces at shops.

Inventory:

Hand Weapons
 a - a +1 shortbow (weapon)
Armour
 c - a +0 leather armour (worn)
 l - a +0 helmet (worn)
Jewellery
 j - a +6 ring of strength (left hand)
 n - an amulet of reflection (around neck)
 t - a +4 ring of slaying (right hand)
 x - an amulet of guardian spirit
Wands
 p - a wand of charming (13)
Scrolls
 b - a scroll of immolation
 e - a scroll of amnesia
 o - 2 scrolls of teleportation
 r - a scroll of vulnerability
 u - a scroll of enchant weapon
 w - a scroll of fog
Potions
 d - 4 potions of curing
 f - 2 potions of mutation
 g - a potion of berserk rage
 h - a potion of degeneration
 i - a potion of magic
 k - 2 potions of heal wounds
 m - 2 potions of ambrosia
 q - a potion of brilliance {unknown}
 s - a potion of haste {unknown}
 v - a potion of cancellation {unknown}


   Skills:
 - Level 5.0 Fighting
 + Level 13.3 Ranged Weapons
 - Level 6.0 Dodging
 - Level 1.3 Stealth


You had 8 spell levels left.
You didn't know any spells.
Your spell library contained the following spells:

 Spells                   Type           Power      Damage    Failure   Level
 Sandblast                Erth           0%         2d4       43%         1
 Passwall                 Tmut/Erth      0%         N/A       58%         2
 Stone Arrow              Conj/Erth      0%         3d7       82%         3
 Alistair's Intoxication  Tmut/Pois      0%         N/A       100%        5
 Borgnjor's Vile Clutch   Necr/Erth      0%         N/A       100%        5
 Eringya's Noxious Bog    Tmut/Pois      0%         N/A       100%        6


Dungeon Overview and Level Annotations

Branches:
Dungeon (6/15)              Sewer (visited)
 Temple: D:4-7

Altars:
Gozag
Okawaru
Zin

Shops:
D:4 *!*((

Annotations:
D:6 Maggie


Innate Abilities, Weirdness & Mutations

You are small and have problems with some larger weapons.
You are completely attuned to the shadows.


Message History

Maggie is severely wounded.
Maggie casts a spell at you. The bolt of fire misses you.
You shoot an arrow. The arrow closely misses Maggie.
Maggie drinks a potion.
Maggie is healed!
You shoot an arrow. The arrow barely misses Maggie.
You hear an angry hiss.
Maggie barely misses you.
You shoot an arrow. The arrow hits Maggie.
Maggie is moderately wounded.
Maggie misses you.
You shoot an arrow. The arrow completely misses Maggie.
An iguana comes into view.
You block Maggie's attack.
You shoot an arrow. The arrow hits Maggie!
Maggie is heavily wounded.
You shoot an arrow.
The arrow hits Maggie but does no damage.
Maggie is heavily wounded.
Maggie hits you with a +2 scimitar of distortion!
You are too injured to fight recklessly!
You are too injured to fight recklessly!
You are too injured to fight recklessly!
Unknown command.
You shoot an arrow. The arrow barely misses Maggie.
You break out of your daze.
Maggie gestures at you while chanting. The bolt of fire misses you.
Unknown command.
You shoot an arrow. The arrow hits Maggie!
Maggie is severely wounded.
Maggie mumbles some strange words.
Maggie attempts to bespell you! You resist.
Unknown command.
You shoot an arrow. The arrow hits Maggie.
Maggie is severely wounded.
Maggie hits you with a +2 scimitar of distortion!
* * * LOW HITPOINT WARNING * * *
Space warps horribly around you!!
You die...

##...####
#.###
#.#####
#.....#
#####.#
#.# #.#
#.# #@#
#@# .#S
.# #. ##
##


You could see Maggie and an adder.

Vanquished Creatures
  Eustachio (D:4)
  A steam dragon (D:6)
  A black bear (D:4)
  An ogre (D:5)
  A phantom (D:5)
  8 kobold brigands (Sewer)
  2 scorpions
  2 hounds
  3 iguanas
  A sleepcap (D:3)
  3 orc wizards (D:5)
  3 gnolls (D:5)
  14 adders
  2 river rats
  2 ufetubi
  2 adder zombies (D:3)
  9 worms
  2 dart slugs
  14 orcs
  13 ball pythons
  3 bats
  10 endoplasms
  5 giant cockroaches
  6 hobgoblins
  21 jackals
  11 kobolds
  A quokka (D:4)
  A ball python zombie (D:3)
  2 frilled lizards (D:1)
  9 goblins
  12 rats
166 creatures vanquished.

Vanquished Creatures (others)
  2 withered plants (D:3)
2 creatures vanquished.

Grand Total: 168 creatures vanquished

Notes
Turn   | Place    | Note
-------+----------+-------------------------------------------
     0 | D:1      | Newt the Kobold Hunter began the quest for the Orb.
     0 | D:1      | Reached XP level 1. HP: 12/12 MP: 1/1
    78 | D:1      | Reached XP level 2. HP: 17/18 MP: 2/2
   549 | D:1      | Reached XP level 3. HP: 23/23 MP: 3/3
  1603 | D:2      | Reached XP level 4. HP: 30/30 MP: 4/4
  2169 | D:3      | Reached skill level 5 in Fighting
  2259 | D:3      | Reached XP level 5. HP: 18/35 MP: 5/5
  2374 | D:3      | Reached skill level 6 in Ranged Weapons
  2409 | D:3      | Found a glowing silver altar of Zin.
  2410 | D:3      | Found an opulent altar of Gozag.
  2561 | D:3      | Reached skill level 7 in Ranged Weapons
  2561 | D:3      | Reached XP level 6. HP: 4/40 MP: 6/6
  3325 | D:4      | Noticed Eustachio
  3328 | D:4      | Reached skill level 8 in Ranged Weapons
  3348 | D:4      | Killed Eustachio
  3349 | D:4      | Reached skill level 9 in Ranged Weapons
  3349 | D:4      | Reached XP level 7. HP: 11/44 MP: 7/7
  3524 | D:4      | Found Xuzompeny's Weapon Shoppe.
  3614 | D:4      | Found Asebbuh's Assorted Antiques.
  3714 | D:4      | Bought a thick filigree amulet for 105 gold pieces
  3735 | D:4      | Found Huwkied's Antique Weapon Shoppe.
  3925 | D:4      | Found Lareut's Neck Hole.
  4138 | D:4      | Found Garolun's Distillery.
  4409 | D:4      | Found an iron altar of Okawaru.
  4475 | D:5      | Entered Level 5 of the Dungeon
  4533 | D:5      | Reached skill level 10 in Ranged Weapons
  4690 | D:5      | Found a glowing drain.
  4697 | Sewer    | Entered a sewer
  4762 | Sewer    | Reached XP level 8. HP: 30/49 MP: 8/8
  4881 | Sewer    | Reached skill level 5 in Dodging
  5433 | Sewer    | Reached skill level 11 in Ranged Weapons
  5835 | D:5      | Reached skill level 12 in Ranged Weapons
  5835 | D:5      | Reached XP level 9. HP: 50/54 MP: 9/9
  6448 | D:6      | Reached skill level 13 in Ranged Weapons
  6508 | D:6      | Noticed Maggie
  6524 | D:6      | Slain by Maggie

Illustrated notes

Levels and vault maps discovered:
D:1:      dpeg_arrival_oval, layout_loops_corners, serial_glass,
          glass_columns_c, glass_columns_a
D:2:      kb_forest_paths, layout_basic
D:3:      layout_rooms, grunt_temple_overflow_gold_and_silver, serial_undead,
          serial_undead_c, serial_undead_b, serial_undead_c, serial_undead_e,
          roderic_filled_cross, roderic_roman_lattice
D:4:      layout_gridville, mainiacjoe_overflow_concentric_impassable,
          serial_shops, nicolae_diamond_shop, nicolae_shop_statue_plus, shop,
          shop_fountains, nicolae_shop_sticking_my_neck_out, uniq_eustachio
D:5:      layout_gridville, lightli_sewer_entry_pipes, grunt_decor_arrowhead,
          grunt_ministairs_15
D:6:      layout_loops_ring, nicolae_dithmenos_the_darkroom,
          fedhas_altar_decomposition, tgw_trog, uniq_maggie

Skill      XL: |  1  2  3  4  5  6  7  8  9 |
---------------+----------------------------+-----
Fighting       | 3 4 5 |  5.0
Ranged Weapons | 7 9 10 12 13 | 13.3
Dodging        | 4 6 |  6.0
Stealth        | |  1.3

Action                     |  1- 3 |  4- 6 |  7- 9 || total
---------------------------+-------+-------+-------++-------
   Fire: Shortbow          |    77 |   160 |   256 ||   493
    Use: Scroll            |     2 |     9 |     3 ||    14
         Potion            |       |     3 |     1 ||     4
 Armour: Leather armour    |     4 |    21 |    15 ||    40
  Dodge: Dodged            |    20 |   126 |    92 ||   238
  Block: Other             |       |       |    41 ||    41
         Reflection        |       |       |     3 ||     3

Table legend: (Time is in decaauts)
 A = Elapsed time spent in this place.
 B = Non-inter-level travel time spent in this place.
 C = Inter-level travel time spent in this place.
 D = Time resting spent in this place.
 E = Time spent auto-exploring this place.
 F = Levels seen in this place.
 G = Mean time per level.
                   A        B        C        D        E       F      G
               +--------+--------+--------+--------+--------+-----+--------+
         Total |   6806 |   6601 |    205 |    608 |   5022 |   7 |  972.3 |
       Dungeon |   5725 |   5520 |    205 |    499 |   4209 |   6 |  954.2 |
         Sewer |   1080 |   1080 |      0 |    109 |    812 |   1 | 1080.0 |
               +--------+--------+--------+--------+--------+-----+--------+

Top non-repeatable levels by time:
     D:4: 1230 daAuts
     D:1: 1154 daAuts
     D:3: 1123 daAuts
   Sewer: 1080 daAuts
     D:5: 1061 daAuts
     D:2: 1034 daAuts
     D:6: 122 daAuts
